 Dungeon Crawl Stone Soup version 0.16-a0-3029-g57b17b4 (webtiles) character file.

42 Pikaro the Cudgeler (level 3, 0/31 HPs)
             Began as a Minotaur Berserker on Dec 8, 2014.
             Was a Follower of Trog.
             Slain by Terence
             ... wielding a +7 trident of piercing
              (4 damage)
             ... on level 2 of the Dungeon.
             The game lasted 00:04:06 (2156 turns).

Pikaro the Cudgeler (Minotaur Berserker)            Turns: 2156, Time: 00:04:06

Health: 0/31       AC:  5    Str: 21    XL:     3   Next: 35%
Magic:  2/2        EV: 11    Int:  4    God:    Trog [*.....]
Gold:   77         SH:  0    Dex: 10    Spells: 0 memorised, 2 levels left

rFire  . . .     SeeInvis .     a - +1 mace
rCold  . . .     Clarity  .     g - +0 ring mail
rNeg   . . .     SustAb   .     (no shield)
rPois  .         Gourm    .     (helmet restricted)
rElec  .         Spirit   .     (no cloak)
rCorr  .         Warding  .     (no gloves)
rMut   .         Stasis   .     (no boots)
MR     .....                    (no amulet)
Stlth  ..........               (no ring)
                                (no ring)

@: not resistant to hostile enchantments, extremely unstealthy
A: retaliatory headbutt, horns 2
a: Burn Spellbooks, Berserk, Renounce Religion


You were on level 2 of the Dungeon.
You worshipped Trog.
Trog was aware of your devotion.
You were not hungry.

You visited 1 branch of the dungeon, and saw 2 of its levels.

You collected 77 gold pieces.

Inventory:

Hand weapons
 a - a +1 mace (weapon)
Armour
 g - a +0 ring mail (worn)
   (You found it on level 1 of the Dungeon)
Scrolls
 d - a scroll of remove curse
Comestibles
 b - 2 chunks of flesh {@w0}
 c - 2 bread rations {@e1}
 f - a meat ration {@e2}


   Skills:
 - Level 3.6 Fighting
 + Level 5.4 Maces & Flails
 - Level 2.4 Armour
 - Level 2.1 Dodging


You had 2 spell levels left.
You didn't know any spells.

Dungeon Overview and Level Annotations

Branches:
Dungeon (2/15)

Altars:
Elyvilon

Annotations:
D:2 Terence


Innate Abilities, Weirdness & Mutations

You reflexively headbutt those who attack you in melee.
You have a pair of horns on your head.


Message History

You offer a prayer to Trog.
The kobold corpse is slowly consumed by flames.
Trog is aware of your devotion.
Done exploring.
Search for what [? for help]? mail You see here a club.
Things that are here:
a ring mail; a spear
g - a ring mail Wear which item? (? for menu, Esc to quit)
You start removing your armour.
You continue taking off your +0 animal skin. x4
You finish taking off your +0 animal skin.
You start putting on your armour.
You continue putting on your ring mail.
You continue putting on your ring mail. x4
You finish putting on your +0 ring mail.
Drop what? (_ for help) (? for menu, Esc to quit)
You drop a +0 animal skin.
Drink which item? (? for menu, Esc to quit)
It was a potion of restore abilities.
You feel refreshed.
(D) Dungeon
Where to? (Enter - D:1 @ (x,y), ? - help)
There is an open door here.
There is an open door here.
There is a stone staircase leading down here.
You climb downwards.
Ijyb the Twisted Goblin comes into view.
He is wielding a dagger.
Ijyb shouts!
There is a stone staircase leading up here.
Spoiler Alert: Ijyb will often zap you with wands!
Ijyb hits you with a dagger.
You take 2 damage, and have 24/26 hp.
You hit Ijyb but do no damage. You headbutt Ijyb, but do no damage.
Ijyb hits you with a dagger.
You take 2 damage, and have 22/26 hp.
You thump Ijyb! You headbutt Ijyb, but do no damage.
Ijyb hits you but does no damage.
Spoiler Alert: Ijyb will often zap you with wands!
You hit Ijyb. You headbutt Ijyb. Ijyb barely misses you.
You furiously retaliate!
You headbutt Ijyb, but do no damage. You hit Ijyb. Your headbutt misses Ijyb.
Ijyb barely misses you.
You barely miss Ijyb. Ijyb barely misses you.
You hit Ijyb. Ijyb hits you but does no damage.
Your ring mail prevents you from hitting Ijyb.
Your headbutt misses Ijyb. Ijyb misses you. You furiously retaliate!
You headbutt Ijyb!
You kill Ijyb!
Trog accepts your kill.
You have reached level 3!
Your experience leads to an increase in your attributes!
Increase (S)trength, (I)ntelligence, or (D)exterity?
You feel agile.
You regained 4 hp, and now have 26/31 hp.
MP restored: 2
Things that are here:
a dagger; the goblin corpse of Ijyb You butcher the goblin corpse of Ijyb.
b - 2 chunks of flesh {@w0} You see here a dagger.
You start resting.
Health restored: 31
Found a white marble altar of Elyvilon.
Terence the Incautious comes into view.
He is wielding a trident of piercing.
Terence shouts!
Terence zaps a wand.
Your will is overpowered!
You are confused.
It is a wand of enslavement.
You start waiting.
You're too confused!
You feel less confused.
Terence hits you from afar with a trident of piercing!
You take 11 damage, and have 20/31 hp.
MASSIVE DAMAGE!!
Terence hits you but does no damage.
Terence zaps a wand.
You struggle to resist.
Terence zaps a wand.
Your will is overpowered!
You are confused.
Terence zaps a wand.
Your will is overpowered!
You are more confused.
Terence zaps a wand.
You struggle to resist.
Terence shouts, "Now you die!"
Terence zaps a wand.
You struggle to resist.
There is a stone staircase leading up here.
In your confused state, you trip and fall back down the stairs.
You take 1 damage, and have 21/31 hp.
In your confused state, you trip and fall back down the stairs.
You take 1 damage, and have 20/31 hp.
You aren't carrying any potions.
Terence hits you from afar with a trident of piercing.
In your confused state, you trip and fall back down the stairs.
You feel less confused.
Terence hits you from afar with a trident of piercing!
* * * LOW HITPOINT WARNING * * *
You die...

###### .. ##.....##...
##..............
#................#
..#.>..............#
..................>#
...................# #
.......(..).........#.#
(.......@.@...........#
...................#
....#.....##.....## ...
########..##.# .
######.###.#
....##......# #@#
.........#### #.# ####
......##...####.####...
...# ###........##...


You could see Terence.

Vanquished Creatures
  Ijyb (D:2)
  An ooze (D:1)
  4 bats (D:1)
  2 giant cockroaches (D:1)
  4 goblins (D:1)
  4 hobgoblins (D:1)
  3 giant newts (D:1)
  2 kobolds (D:1)
  4 rats (D:1)
25 creatures vanquished.

Notes
Turn   | Place    | Note
--------------------------------------------------------------
     0 | D:1      | Pikaro, the Minotaur Berserker, began the quest for the Orb.
     0 | D:1      | Reached XP level 1. HP: 19/19 MP: 1/1
   146 | D:1      | Reached skill level 4 in Maces & Flails
   367 | D:1      | Reached XP level 2. HP: 26/26 MP: 1/1
   982 | D:1      | Acquired Trog's second power
  1562 | D:1      | Reached skill level 5 in Maces & Flails
  2047 | D:2      | Noticed Ijyb
  2055 | D:2      | Killed Ijyb
  2055 | D:2      | Reached XP level 3. HP: 26/31 MP: 2/2
  2121 | D:2      | Found a white marble altar of Elyvilon.
  2122 | D:2      | Noticed Terence
  2156 | D:2      | HP: 4/31 [Terence/trident of piercing (12)]
  2156 | D:2      | Slain by Terence

Action                   || total
-------------------------++-------
Melee: Mace              ||    42
  Use: Scroll            ||     2
       Potion            ||     1
  Eat: Bread ration      ||     1

Vault maps used:
D:1:      scummos_arrival_simple_fountains, minmay_cut_off
D:2:      lemuel_crystal_altar, nicolae_overflow_crystal_walls, uniq_iyjb,
          uniq_terence

Table legend:
 A = Turns spent in this place as a percentage of turns spent in the entire game.
 B = Non-inter-level travel turns spent in this place as a percentage of non-inter-level travel turns spent in the entire game.
 C = Inter-level travel turns spent in this place as a percentage of turns spent in this place.
 D = Turns resting spent in this place as a percentage of non-inter-level travel turns spent in this place.
 E = Turns spent auto-exploring this place as a percentage of non-inter-level travel turns spent in this place.
 F = Non-inter-level travel turns spent in this place divided by the number of levels of this place that you've seen.
                   A       B       C       D       E      F
               +-------+-------+-------+-------+-------+----------------------
         Total | 100.0 | 100.0 |   1.2 |   6.6 |  15.2 | 121.5
       Dungeon | 100.0 | 100.0 |   1.2 |   6.6 |  15.2 | 121.5
               +-------+-------+-------+-------+-------+----------------------

Table legend:
 A = Kills in this place as a percentage of kills in entire the game.
 B = Kills by you in this place as a percentage of kills by you in the entire game.
 C = Kills by friends in this place as a percentage of kills by friends in the entire game.
 D = Other kills in this place as a percentage of other kills in the entire game.
 E = Experience gained in this place as a percentage of experience gained in the entire game.
 F = Experience gained in this place divided by the number of levels of this place that you have seen.
                   A       B       C       D       E      F
               +-------+-------+-------+-------+-------+----------------------
         Total | 100.0 | 100.0 |  -nan |  -nan | 100.0 |  30.5
       Dungeon | 100.0 | 100.0 |  -nan |  -nan | 100.0 |  30.5
               +-------+-------+-------+-------+-------+----------------------
